 Dungeon Crawl Stone Soup version 0.27-a0-277-g024f7ef292 (webtiles) character file.

Game seed: 3990480790380663760

18746 Betser the Geomancer (level 12, -6/73 HPs)
             Began as a Gargoyle Earth Elementalist on Feb 7, 2021.
             Was a High Priest of Vehumet.
             Mangled by an orc knight
             ... wielding a +0 glaive
              (37 damage)
             ... in a bailey.
             The game lasted 00:47:08 (13604 turns).

Betser the Geomancer (Gargoyle Earth Elementalist) Turns: 13604, Time: 00:47:09

Health: -6/73      AC: 17    Str: 19    XL:     12   Next: 61%
Magic:  14/24      EV: 14    Int: 21    God:    Vehumet [*****.]
Gold:   863        SH:  0    Dex: 10    Spells: 11/27 levels left

rFire    + + .     SeeInvis .   w - +6 dagger of Awkwardness {vorpal, Str+3}
rCold    . . .     Faith    .   (no shield)
rNeg     + . .     Spirit   .   v - +1 robe of Sehymu {rElec rF+ Str+4}
rPois    ∞         Reflect  .   p - +2 helmet
rElec    +         Harm     .   G - +2 cloak
rCorr    .         Rampage  .   (no gloves)
Will     .....                  (no boots)
Stlth    ++........             x - amulet of magic regeneration
HPRegen  0.22/turn              g - ring of protection from fire
MPRegen  0.44/turn              j - +4 ring of slaying

@: studying 2 skills
A: hooves 1, deformed body, negative energy resistance 1, electricity
resistance, wild magic 1, unbreathing, petrification resistance, miasma
immunity, AC +8
a: Renounce Religion


You were in a bailey.
You worshipped Vehumet.
Vehumet was extremely pleased with you.
You visited 2 branches of the dungeon, and saw 12 of its levels.
You also visited: Ossuary and Bailey.

You collected 1259 gold pieces.
You spent 396 gold pieces at shops.

Inventory:

Hand Weapons
 e - a +2 morningstar of protection
 w - the +6 dagger of Awkwardness (weapon) {vorpal, Str+3}
   (You found it on level 6 of the Dungeon)

   It inflicts extra damage upon your enemies.
   It affects your strength (+3).
 y - a +0 eveningstar of distortion
 D - a +4 falchion of freezing
Missiles
 b - 411 stones
 m - 2 throwing nets
Armour
 p - a +2 helmet (worn)
 v - the +1 robe of Sehymu (worn) {rElec rF+ Str+4}
   (You found it on level 5 of the Dungeon)

   It affects your strength (+4).
   It protects you from fire.
   It insulates you from electricity.
 G - a +2 cloak (worn)
Jewellery
 g - a ring of protection from fire (left hand)
 j - a +4 ring of slaying (right hand)
 k - an uncursed ring of protection from fire
 q - an uncursed ring of resist corrosion
 s - an uncursed ring of fire
 x - an amulet of magic regeneration (around neck)
Wands
 i - a wand of digging (15)
 r - a wand of flame (43)
 I - a wand of iceblast (3)
Scrolls
 h - 3 scrolls of remove curse
 o - 3 scrolls of enchant armour
 t - 2 scrolls of magic mapping
 A - 3 scrolls of teleportation
 E - 2 scrolls of fog
Potions
 a - a potion of brilliance
 c - 2 potions of berserk rage
 d - 2 potions of invisibility
 f - 2 potions of attraction
 l - 2 potions of ambrosia
 n - 11 potions of curing
 u - a potion of experience {unknown}
 z - 6 potions of heal wounds
 B - 4 potions of lignification
 C - 3 potions of might
 F - a potion of haste
 J - a potion of cancellation
 K - a potion of resistance
Miscellaneous
 H - a condenser vane (inert)


   Skills:
 + Level 7.6 Fighting
 + Level 7.3 Maces & Flails
 - Level 6.0 Armour
 + Level 6.2 Dodging
 - Level 2.1 Stealth
 + Level 8.0 Spellcasting
 + Level 8.9 Conjurations
 - Level 0.7 Transmutations
 + Level 10.8 Earth Magic
 + Level 4.9 Evocations


You had 11 spell levels left.
You knew the following spells:

 Your Spells              Type           Power        Failure   Level
a - Sandblast             Erth           100%         1%          1
b - Stone Arrow           Conj/Erth      100%         1%          3
c - Lee's Rapid Deconstr  Erth           31%          1%          5
d - Passwall              Tmut/Erth      35%          2%          2
e - Irradiate             Conj/Tmut      18%          11%         5

Your spell library contained the following spells:

 Spells                   Type           Power        Failure   Level
 Yara's Violent Unravell  Hex/Tmut       6%           47%         5
 Foxfire                  Conj/Fire      100%         1%          1
 Magic Dart               Conj           100%         1%          1
 Searing Ray              Conj           100%         1%          2
 Dazzling Flash           Conj/Hex       70%          1%          3
 Fulminant Prism          Conj/Hex       17%          5%          4
 Iskenderun's Mystic Bla  Conj/Tloc      35%          5%          4
 Sticky Flame             Conj/Fire      35%          5%          4
 Ignite Poison            Fire/Tmut/Pois 12%          9%          3
 Beastly Appendage        Tmut           28%          10%         1
 Animate Skeleton         Necr           20%          12%         1
 Apportation              Tloc           20%          12%         1
 Corona                   Hex            11%          12%         1
 Summon Small Mammal      Summ           40%          12%         1
 Petrify                  Tmut/Erth      42%          12%         4
 Wereblood                Tmut           14%          13%         2
 Fireball                 Conj/Fire      17%          13%         5
 Call Imp                 Summ           10%          17%         2
 Ensorcelled Hibernation  Hex/Ice        20%          17%         2
 Spider Form              Tmut/Pois      6%           28%         3
 Call Canine Familiar     Summ           10%          32%         3
 Confusing Touch          Hex            10%          32%         3
 Summon Guardian Golem    Hex/Summ       10%          32%         3
 Tukima's Dance           Hex            10%          32%         3
 Starburst                Conj/Fire      17%          50%         6
 Ice Form                 Ice/Tmut       12%          65%         4
 Summon Ice Beast         Ice/Summ       10%          69%         4
 Summon Lightning Spire   Summ/Air       10%          69%         4
 Blade Hands              Tmut           7%           90%         5


Dungeon Overview and Level Annotations

Branches:
Dungeon (11/15)            Temple (1/1) D:7            Lair (0/6) D:8
Ossuary (visited)          Bailey (1/1)
    Orc: D:9-12

Altars:
Ashenzari
Cheibriados
Gozag
Hepliaklqana
Makhleb
Nemelex Xobeh
Okawaru
Qazlal
Sif Muna
Trog
Uskayaw
Vehumet
Xom
Zin

Shops:
D:4 :(   D:11 !

Annotations:
D:6 3 runed translucent doors, anet's ghost, novice GnDe


Innate Abilities, Weirdness & Mutations

You are resistant to torment.
Your stone body is resilient. (AC +8)
You are immune to poison.
You resist negative energy. (rN+)
You are resistant to electric shocks. (rElec)
You can survive without breathing.
You are immune to petrification.
You are immune to miasma.
You have large cloven feet.
Armour fits poorly on your strangely shaped body.
Your spells are a little harder to cast, but a little more powerful.


Message History

The orc knight is heavily wounded.
The iceblast engulfs the orc knight!!
The orc knight is severely wounded.
The iceblast engulfs the orc warrior.
The orc warrior is severely wounded.
The orc knight hits you from afar with a +0 glaive!!
Unknown command.
Unknown command.
Unknown command.
Aiming: Iceblast
Press: ? - help, Shift-Dir - straight line The mass of ice explodes!
The iceblast engulfs the orc knight!
The orc knight is severely wounded.
The iceblast engulfs the orc warrior.
The orc warrior is lightly wounded.
The iceblast engulfs the orc knight!
The orc knight is almost dead.
The orc knight hits you from afar with a +0 glaive!!!
Ouch! That really hurt!
You die...

############ #######
##.∩........## ##.....#####
#......)))...######.......#...
#.......)))..#..o.#)))....'.o.
#∩.....)))...@)ooo))))))..'o..
#.......))...#.o..#)).))..'...
#............######..))...#...
##.∩........## ##.....#####
############ #######


You could see 2 orc knights, 2 orc warriors and an orc (strong).

Vanquished Creatures
  An ice dragon (D:10)
  An ogre mage (D:9)
  A boulder beetle (D:10)
  A death knight (D:10)
  9 two-headed ogres
  An ugly thing (D:11)
  2 trolls
  A hornet (D:9)
  6 slime creatures (D:9)
  4 yaks (D:10)
  2 humans (D:8)
  A wyvern (D:11)
  A basilisk (D:10)
  7 sky beasts
  8 orc warriors
  20 ogres
  8 centaurs
  A phantom (D:10)
  Blork the orc (D:4)
  2 big kobolds
  A gnoll sergeant (D:7)
  6 bullfrogs
  6 scorpions
  4 killer bees (D:7)
  14 wights
  4 howler monkeys
  A bullfrog zombie (D:7)
  2 centaur zombies
  2 quasits (D:9)
  2 bullfrog skeletons
  An iron imp (D:6)
  A jelly (D:8)
  2 orc priests
  4 hounds
  7 orc wizards
  An iguana (D:9)
  8 worker ants
  A killer bee zombie (D:7)
  A hound zombie (D:7)
  The ghost of iamserjio the Ruffian, a weakling VSTm (D:3)
  8 mummies (Ossuary)
  7 gnolls (D:7)
  A worker ant zombie (D:6)
  16 adders
  A shadow imp (D:2)
  A white imp (D:6)
  An ufetubus (D:6)
  An adder zombie (D:5)
  A worm (D:2)
  10 leopard geckos
  61 orcs
  6 giant cockroaches
  11 hobgoblins
  2 jackals (D:7)
  19 kobolds
  14 quokkas
  4 ball pythons
  12 bats
  4 frilled lizards
  3 gnoll zombies (Ossuary)
  8 goblins
  2 hobgoblin zombies (Ossuary)
  A kobold zombie (Ossuary)
  2 orc zombies (Ossuary)
  14 rats
357 creatures vanquished.

Vanquished Creatures (others)
  3 plants (D:10)
3 creatures vanquished.

Grand Total: 360 creatures vanquished

Notes
Turn   | Place    | Note
-------+----------+-------------------------------------------
     0 | D:1      | Betser the Gargoyle Earth Elementalist began the quest for
                  | the Orb.
     0 | D:1      | Reached XP level 1. HP: 10/10 MP: 3/3
   196 | D:1      | Reached skill level 4 in Earth Magic
   196 | D:1      | Reached XP level 2. HP: 15/15 MP: 0/5
   992 | D:1      | Reached XP level 3. HP: 19/19 MP: 6/6
   996 | D:1      | Learned a level 3 spell: Stone Arrow
  1598 | D:2      | Reached skill level 1 in Conjurations
  1678 | D:2      | Found a shimmering altar of Xom.
  1687 | D:2      | Reached XP level 4. HP: 24/24 MP: 5/8
  2158 | D:2      | You fall into a shaft and drop 1 floor!
  2191 | D:3      | Found a runed translucent door.
  2192 | D:3      | Noticed a bullfrog
  2192 | D:3      | Noticed iamserjio's ghost (weakling VSTm)
  2199 | D:3      | Noticed a sky beast
  2205 | D:3      | Killed a sky beast
  2206 | D:3      | Reached skill level 5 in Earth Magic
  2206 | D:3      | Reached XP level 5. HP: 20/28 MP: 3/10
  2347 | D:2      | Learned a level 5 spell: Lee's Rapid Deconstruction
  2356 | D:2      | Found a sparkling altar of Nemelex Xobeh.
  2450 | D:2      | Found a burning altar of Makhleb.
  2738 | D:3      | Reached XP level 6. HP: 31/32 MP: 3/11
  2992 | D:3      | Found an opulent altar of Gozag.
  3551 | D:3      | Reached skill level 6 in Earth Magic
  3554 | D:3      | Killed iamserjio's ghost
  3850 | D:4      | Found Kuuliapt's Book Emporium.
  3855 | D:4      | Noticed Blork the orc
  3878 | D:4      | Killed Blork the orc
  3879 | D:4      | Reached XP level 7. HP: 36/36 MP: 6/13
  4073 | D:4      | Found Ykebluon's Weapon Boutique.
  4127 | D:4      | Found a bloodstained altar of Trog.
  5007 | D:5      | Entered Level 5 of the Dungeon
  5036 | D:5      | Reached skill level 1 in Fighting
  5036 | D:5      | Reached skill level 1 in Maces & Flails
  5036 | D:5      | Reached skill level 1 in Armour
  5060 | D:5      | Reached skill level 7 in Earth Magic
  5060 | D:5      | Reached XP level 8. HP: 43/43 MP: 9/15
  5159 | D:5      | Found a hazy altar of Hepliaklqana.
  5317 | D:5      | Found a hazy altar of Hepliaklqana.
  5363 | D:5      | Got a slimy robe
  5373 | D:5      | Identified the +1 robe of Sehymu {rElec rF+ Str+4} (You
                  | found it on level 5 of the Dungeon)
  5423 | D:5      | Reached skill level 5 in Spellcasting
  5822 | D:6      | Found a runed translucent gate.
  5823 | D:6      | Found a runed translucent gate.
  5832 | D:6      | Found a runed translucent gate.
  5833 | D:6      | Noticed anet's ghost (novice GnDe)
  5833 | D:6      | Noticed a komodo dragon
  5892 | D:6      | Identified the Grimoire of the Blaze
  5948 | D:6      | Reached skill level 5 in Conjurations
  6017 | D:6      | Got a polished dagger
  6017 | D:6      | Identified the +6 dagger of Awkwardness {vorpal, Str+3}
                  | (You found it on level 6 of the Dungeon)
  6291 | D:6      | Found a snail-covered altar of Cheibriados.
  6586 | D:6      | Found a radiant altar of Vehumet.
  6598 | D:6      | Learned a level 2 spell: Passwall
  6601 | D:6      | Became a worshipper of Vehumet
  7242 | D:7      | Reached XP level 9. HP: 48/49 MP: 17/17
  7263 | D:7      | Reached * piety under Vehumet
  7263 | D:7      | Offered knowledge of Freeze by Vehumet.
  7404 | D:7      | Found an opulent altar of Gozag.
  7455 | D:7      | Identified a scroll of acquirement
  7455 | D:7      | Acquired a +0 eveningstar of distortion
  7595 | D:7      | Found a staircase to the Ecumenical Temple.
  7606 | Temple   | Entered the Ecumenical Temple
  7751 | D:7      | Reached skill level 8 in Earth Magic
  7839 | D:7      | Reached ** piety under Vehumet
  7839 | D:7      | Offered knowledge of Shock by Vehumet.
  8330 | D:7      | Gained mutation: Your spells are a little harder to cast,
                  | but a little more powerful. [potion of mutation]
  8330 | D:7      | Gained mutation: Armour fits poorly on your strangely
                  | shaped body. [potion of mutation]
  8330 | D:7      | Gained mutation: You have large cloven feet. [potion of
                  | mutation]
  8412 | D:8      | Found an iron altar of Okawaru.
  8569 | D:8      | Found a sand-covered staircase.
  8579 | Ossuary  | Entered an ossuary
  8862 | Ossuary  | Offered knowledge of Static Discharge by Vehumet.
  9222 | D:8      | Reached XP level 10. HP: 55/58 MP: 19/19
  9396 | D:8      | Found a shimmering blue altar of Sif Muna.
  9475 | D:8      | Found a staircase to the Lair.
  9593 | D:8      | Found a hide-covered altar of Uskayaw.
  9893 | D:8      | Reached *** piety under Vehumet
 10479 | D:9      | Reached skill level 5 in Armour
 10484 | D:9      | Reached skill level 5 in Fighting
 10484 | D:9      | Reached skill level 1 in Evocations
 10494 | D:9      | Offered knowledge of Frozen Ramparts by Vehumet.
 10495 | D:9      | Reached skill level 9 in Earth Magic
 10631 | D:9      | Found a glowing silver altar of Zin.
 10632 | D:9      | Found a stormy altar of Qazlal.
 11267 | D:9      | Noticed a two-headed ogre
 11273 | D:9      | Killed a two-headed ogre
 11274 | D:9      | Reached skill level 5 in Maces & Flails
 11467 | D:9      | Reached XP level 11. HP: 60/64 MP: 14/21
 11736 | D:9      | Noticed a two-headed ogre
 11736 | D:9      | Noticed a two-headed ogre
 11738 | D:9      | Noticed a two-headed ogre
 11741 | D:9      | Killed a two-headed ogre
 11746 | D:9      | Killed a two-headed ogre
 11746 | D:9      | Reached **** piety under Vehumet
 11747 | D:9      | Killed a two-headed ogre
 11748 | D:9      | Reached skill level 5 in Dodging
 11785 | D:9      | Noticed a two-headed ogre
 11792 | D:9      | Killed a two-headed ogre
 11799 | D:9      | Noticed a two-headed ogre
 11799 | D:9      | Noticed a two-headed ogre
 11803 | D:9      | Killed a two-headed ogre
 11803 | D:9      | Offered knowledge of Irradiate by Vehumet.
 11806 | D:9      | Killed a two-headed ogre
 11807 | D:9      | Reached skill level 10 in Earth Magic
 11815 | D:9      | Learned a level 5 spell: Irradiate
 11815 | D:9      | Noticed an ogre mage
 11821 | D:9      | Killed an ogre mage
 11967 | D:10     | Entered Level 10 of the Dungeon
 12083 | D:10     | Reached XP level 12. HP: 71/71 MP: 23/23
 12093 | D:10     | Noticed an ice dragon
 12101 | D:10     | Killed an ice dragon
 12422 | D:10     | Noticed a two-headed ogre
 12431 | D:10     | Killed a two-headed ogre
 12639 | D:10     | Found a broken altar of Ashenzari.
 12666 | D:10     | Noticed a two-headed ogre
 12670 | D:10     | Killed a two-headed ogre
 12692 | D:10     | Noticed a boulder beetle
 12705 | D:10     | Killed a boulder beetle
 12814 | D:10     | Noticed a death knight
 12836 | D:10     | Killed a death knight
 12900 | D:10     | Identified the +3 chain mail "Ujod" {Rampage rPois rC+ rN+
                  | Dex-5}
 12912 | D:10     | Reached ***** piety under Vehumet
 12917 | D:10     | Offered knowledge of Yara's Violent Unravelling by Vehumet.
 13177 | D:11     | Found Vabok's Distillery.
 13204 | D:11     | Bought a potion of cancellation for 96 gold pieces
 13204 | D:11     | Bought 2 potions of curing for 72 gold pieces
 13204 | D:11     | Bought a potion of resistance for 120 gold pieces
 13204 | D:11     | Bought 2 potions of curing for 72 gold pieces
 13204 | D:11     | Bought a potion of curing for 36 gold pieces
 13271 | D:11     | Found a flagged portal.
 13283 | Bailey   | Entered a bailey
 13604 | Bailey   | Mangled by an orc knight

Illustrated notes

Levels and vault maps discovered:
D:1:      enne_arrival_octagon_isle, layout_basic
D:2:      layout_loops_cross, nemelex_xobeh_ov_fountains_minmay,
          old_standard_altar, makhleb_grotto_becter
D:3:      layout_loops_ring, lemuel_doored_altar, ebering_ghost_sewer_d,
          kennysheep_flooded_box
D:4:      layout_cave_pods, serial_shops, shop, shop, trog_hazing_becter,
          uniq_blork_the_orc
D:5:      layout_cave_pools, nzn_hepliaklqana_mist_gate, serial_column_ruins,
          column_ruins_temple_hut, column_ruins_grid_3,
          column_ruins_corridor_straight, column_ruins_corridor_water,
          column_ruins_open_small, column_ruins_corridor_dead_end
D:6:      layout_loops_ring, slow_altar_2, nicolae_overflow_hidden_temple,
          gammafunk_ghost_split, grunt_ministairs_10
D:7:      layout_basic, minmay_temple_entry_junction_2,
          nicolae_gozag_seed_capital
D:8:      layout_basic, lemuel_blue_sif_altar, eat_drink_and_be_merry_uskayaw,
          okawaru_humans, lair_entry_dummy, enter_ossuary_2,
          minmay_chambers_of_fives
D:9:      lemuel_ogre_cave, layout_basic,
          chequers_temple_overflow_statue_of_worship
D:10:     minmay_the_grid_3x2 [minmay_the_grid_large_cup, minmay_the_grid_tree,
          minmay_the_grid_dragon_b, minmay_the_grid_square_x,
          minmay_the_grid_garden, minmay_the_grid_prize_four_corners_diamond_b],
          layout_rooms, ashenzari_altar_1
D:11:     layout_gridville, enter_bailey_5, serial_shops, kennysheep_mini,
          nicolae_trove_entry_columns, serial_bayou_pond_d, uniq_fannar
Temple:   cyrus_temple_forest
Bailey:   bailey_polearm_5, bailey

Skill      XL: |  1  2  3  4  5  6  7  8  9 10 11 12 |
---------------+-------------------------------------+-----
Earth Magic    | 4 5 6 7 8 9 10 | 10.8
Conjurations   | 1 2 3 4 5 6 7 8 |  8.9
Spellcasting   | 3 4 5 6 7 8 |  8.0
Fighting       | 1 2 4 5 6 7 |  7.6
Maces & Flails | 1 2 4 5 6 7 |  7.3
Armour         | 1 2 4 5 6 |  6.0
Dodging        | 2 3 4 5 6 |  6.2
Evocations     | 2 3 4 |  4.9
Stealth        | |  2.1
Transmutations | |  0.7

Action                   |  1- 3 |  4- 6 |  7- 9 | 10-12 || total
-------------------------+-------+-------+-------+-------++-------
Melee: Mace              |   100 |   144 |     7 |       ||   251
       Scimitar          |       |       |    97 |       ||    97
       Dagger            |       |       |   254 |   206 ||   460
       Kick              |       |       |    23 |    53 ||    76
 Cast: Sandblast         |    14 |    35 |    35 |    74 ||   158
       Stone Arrow       |       |     1 |     2 |    10 ||    13
       Passwall          |       |       |     2 |     1 ||     3
       Lee's Rapid Decon |       |       |     1 |    17 ||    18
       Irradiate         |       |       |       |    14 ||    14
Evoke: Wand              |       |       |       |    16 ||    16
       Condenser vane    |       |       |       |     1 ||     1
  Use: Scroll            |       |    11 |    14 |     7 ||    32
       Potion            |       |       |     3 |     9 ||    12
 Stab: Sleeping          |     7 |     4 |     5 |       ||    16
       Distracted        |       |       |     1 |       ||     1
Armor: Robe              |    43 |    80 |   142 |   138 ||   403
Dodge: Dodged            |    93 |   153 |   277 |   224 ||   747
       Rpst.: Scimitar   |       |       |    26 |       ||    26

Table legend: (Time is in decaauts)
 A = Elapsed time spent in this place.
 B = Non-inter-level travel time spent in this place.
 C = Inter-level travel time spent in this place.
 D = Time resting spent in this place.
 E = Time spent auto-exploring this place.
 F = Levels seen in this place.
 G = Mean time per level.
                   A        B        C        D        E       F      G
               +--------+--------+--------+--------+--------+-----+--------+
         Total |  13724 |  13367 |    357 |   1695 |   8614 |  14 |  980.3 |
       Dungeon |  12823 |  12466 |    357 |   1255 |   8450 |  11 | 1165.7 |
        Temple |      1 |      1 |      0 |      0 |      0 |   1 |    1.0 |
       Ossuary |    578 |    578 |      0 |    306 |     82 |   1 |  578.0 |
        Bailey |    320 |    320 |      0 |    134 |     82 |   1 |  320.0 |
               +--------+--------+--------+--------+--------+-----+--------+

Top non-repeatable levels by time:
     D:9: 1883 daAuts
     D:1: 1397 daAuts
     D:3: 1349 daAuts
     D:4: 1286 daAuts
     D:7: 1220 daAuts
    D:10: 1206 daAuts
     D:8: 1143 daAuts
     D:6: 1138 daAuts
     D:2: 1089 daAuts
     D:5: 999 daAuts
 Ossuary: 578 daAuts
  Bailey: 320 daAuts
    D:11: 107 daAuts
  Temple: 1 daAuts
